 Dungeon Crawl Stone Soup version 0.26-a0-1147-g3780a7a11b (webtiles) character file.

Game seed: 5427162092687777372

63700 CasualChangeling the Fighter (level 14, -1/135 HPs)
             Began as a Palentonga Fighter on Dec 22, 2020.
             Was the Champion of Okawaru.
             Slain by a black mamba (13 damage)
             ... on level 2 of the Snake Pit.
             The game lasted 00:53:43 (24884 turns).

CasualChangeling the Fighter (Palentonga Fighter)  Turns: 24884, Time: 00:53:43

Health: -1/135     AC: 33    Str: 24    XL:     14   Next: 69%
Magic:  9/14       EV:  5    Int:  6    God:    Okawaru [******]
Gold:   1315       SH: 28    Dex: 13    Spells: 13/13 levels left

rFire    + . .     SeeInvis +   b - +3 scimitar (elec)
rCold    . . .     Faith    +   E - +10 tower shield of Ignorance {rN+ Int-4}
rNeg     + + .     Spirit   .   y - +4 ring mail
rPois    .         Reflect  .   n - +0 helmet
rElec    .         Harm     +   P - scarf {harm}
rCorr    .         Rampage  .   X - +0 pair of gloves "Yhiudi Yrghy" {rN+ Dex+4}
Will     ++...                  T - +2 barding {rF+}
Stlth    +.........             A - amulet of faith
HPRegen  0.32/turn              D - +4 ring of protection
MPRegen  0.14/turn              m - ring of willpower

@: curled up
A: large, rugged brown scales 3, see invisible, deformed body, roll 1, armoured
tail, reflexive curl
a: Rolling Charge, Renounce Religion, Heroism, Finesse


You were on level 2 of the Snake Pit.
You worshipped Okawaru.
Okawaru was exalted by your worship.
You visited 3 branches of the dungeon, and saw 18 of its levels.

You collected 1315 gold pieces.

Inventory:

Hand Weapons
 a - a +4 scimitar of venom
 b - a +3 scimitar of electrocution (weapon)
 I - a +0 scimitar of draining
Missiles
 p - a throwing net
Armour
 n - a +0 helmet (worn)
 y - a +4 ring mail (worn)
 C - a +2 scale mail of willpower
 E - the +10 tower shield of Ignorance (worn) {rN+ Int-4}
   (You found it on level 7 of the Dungeon)

   It affects your intelligence (-4).
   It protects you from negative energy.
 L - a +2 barding of cold resistance
 P - a scarf of harm (worn)
 T - a +2 barding of fire resistance (worn)
 X - the +0 pair of gloves "Yhiudi Yrghy" (worn) {rN+ Dex+4}
   (Okawaru gifted it to you on level 1 of the Snake Pit)

   It affects your dexterity (+4).
   It protects you from negative energy.
Jewellery
 m - a ring of willpower (right hand)
 q - an uncursed ring of positive energy
 A - an amulet of faith (around neck)
 B - an uncursed ring of flight
 D - a +4 ring of protection (left hand)
 H - an uncursed ring of resist corrosion
 O - an uncursed ring of protection from fire
 R - an uncursed ring of ice
Wands
 c - a wand of iceblast (13)
 F - a wand of random effects (75)
 G - a wand of flame (47)
 J - a wand of disintegration (26)
 K - a wand of digging (15)
Scrolls
 e - a scroll of enchant armour
 f - 6 scrolls of amnesia
 i - 7 scrolls of teleportation
 l - a scroll of acquirement {unknown}
 s - a scroll of summoning
 t - 9 scrolls of remove curse
 v - 2 scrolls of fear
 w - 2 scrolls of magic mapping
 x - 2 scrolls of immolation
 z - a scroll of blinking
 U - 7 scrolls of identify
 W - 2 scrolls of vulnerability
Potions
 d - 2 potions of mutation
 g - 2 potions of flight
 h - 5 potions of curing
 j - 13 potions of ambrosia
 k - 5 potions of attraction
 r - 3 potions of berserk rage
 u - 6 potions of brilliance
 N - 2 potions of resistance
 Q - 2 potions of lignification
 S - 2 potions of haste
 V - 2 potions of invisibility {unknown}
Miscellaneous
 o - a phantom mirror
 M - a phantom mirror
 Y - a tin of tremorstones (2/2)


   Skills:
 + Level 12.6 Fighting
 + Level 12.4 Long Blades
 + Level 10.8 Armour
 + Level 10.8 Shields
 + Level 8.5 Evocations


You had 13 spell levels left.
You didn't know any spells.
Your spell library contained the following spells:

 Spells                   Type           Power        Failure   Level
 Animate Skeleton         Necr           0%           86%         1
 Apportation              Tloc           0%           86%         1
 Corona                   Hex            0%           86%         1
 Foxfire                  Conj/Fire      0%           86%         1
 Freeze                   Ice            0%           86%         1
 Shock                    Conj/Air       0%           86%         1
 Summon Small Mammal      Summ           0%           86%         1
 Swiftness                Air            0%           95%         2
 Confusing Touch          Hex            0%           99%         3
 Conjure Flame            Conj/Fire      0%           99%         3
 Frozen Ramparts          Ice            0%           99%         3
 Gell's Gravitas          Tloc           0%           99%         3
 Inner Flame              Hex/Fire       0%           99%         3
 Ozocubu's Armour         Ice            0%           99%         3
 Static Discharge         Conj/Air       0%           99%         3
 Airstrike                Air            0%           100%        4
 Hailstorm                Conj/Ice       0%           100%        4
 Petrify                  Tmut/Erth      0%           100%        4
 Sticky Flame             Conj/Fire      0%           100%        4
 Summon Ice Beast         Ice/Summ       0%           100%        4
 Summon Lightning Spire   Summ/Air       0%           100%        4
 Fireball                 Conj/Fire      0%           100%        5
 Irradiate                Conj/Tmut      0%           100%        5
 Lightning Bolt           Conj/Air       0%           100%        5
 Metabolic Englaciation   Hex/Ice        0%           100%        5
 Silence                  Hex/Air        0%           100%        5
 Yara's Violent Unravell  Hex/Tmut       0%           100%        5
 Conjure Ball Lightning   Conj/Air       0%           100%        6
 Hydra Form               Tmut           0%           100%        6
 Statue Form              Tmut/Erth      0%           100%        6
 Dragon Form              Tmut           0%           100%        7
 Tornado                  Air            0%           100%        9


Dungeon Overview and Level Annotations

Branches:
Dungeon (10/15)            Temple (0/1) D:7            Lair (6/6) D:8
 Shoals (0/4) Lair:3        Snake (2/4) Lair:3        Slime (0/5) Lair:6
    Orc: D:9-12

Altars:
Okawaru
Zin
Beogh

Shops:
Snake:1 =}=

Annotations:
D:7 1 runed translucent door, exclusion: 4 orange crystal statues


Innate Abilities, Weirdness & Mutations

You are completely covered in rugged brown scales. (AC +3, +7% HP)
You have supernaturally acute eyesight. (SInv)
Armour fits poorly on your strangely shaped body.
You can roll at nearby foes to attack.
You have a long armoured tail.
You curl defensively after being hit.


Message History

You barely miss the mana viper. You tail-slap the mana viper!
The mana viper is moderately wounded.
You block the black mamba's attack. The black mamba bites you!
* * * LOW HITPOINT WARNING * * *
You are lethally poisoned!
The black mamba poisons you!
You see here 16 arrows.
* * * LOW HITPOINT WARNING * * *
You feel sick.
* * * LOW HITPOINT WARNING * * *
You feel sick. The black mamba barely misses you.
You riposte.
You hit the black mamba. You tail-slap the black mamba!
The black mamba is moderately wounded.
* * * LOW HITPOINT WARNING * * *
You feel sick. You block the black mamba's attack.
Okay, then.
Okay, then.
You feel better. The black mamba bites you!
You die...

.... #..# ##.## #.##.# .....#
#..# ##...###.##.# ......#
#.(#####.....##.##.# #......#
#.....#......##.##.# .
###.#........##....# ...
#.#........####..#
.....#######.#.#......####..#
..........)..>.##...........#
.....#######@#####....####.##
#.. .......SSS## ##.#####...#
# #..........####.####..)..
#........(.#......#......
........†..#..##..#...)..
........).........^......
#..........#.###..#......
##..######'#.(##..####..# #..
.....<#..# #..#


You could see a mana viper and 2 black mambas.

Vanquished Creatures
  Fannar (Lair:3)
  3 anacondas
  5 hydras
  2 naga warriors
  3 catoblepae
  A deep troll shaman (Lair:6)
  3 death yaks (Lair:6)
  5 naga sharpshooters
  A salamander mystic (Snake:2)
  Pikel (D:9)
  4 naga ritualists
  7 mana vipers
  4 salamanders (Snake:1)
  11 naga magi
  2 merfolk sirens (Lair:3)
  8 elephants
  30 black mambas
  A torpor snail (Lair:2)
  5 cane toads
  2 rime drakes (Lair:3)
  A centaur skeleton (D:9)
  4 komodo dragons
  2 merfolk (Lair:3)
  3 trolls (D:10)
  A queen bee (Lair:3)
  2 polar bears (Lair:6)
  A hornet (D:6)
  Grinder (D:3)
  8 blink frogs
  43 yaks
  2 wyverns
  27 nagas
  Duvessa (D:6)
  16 water moccasins
  5 ice beasts
  2 orc warriors (D:8)
  5 black bears
  4 ogres
  4 phantoms
  12 wolves
  5 centaurs
  A necrophage (D:8)
  A big kobold (D:8)
  16 bullfrogs
  Dowan (D:6)
  4 scorpions
  36 killer bees
  2 wights
  3 howler monkeys
  4 hounds
  A quasit (D:10)
  3 orc priests
  4 jellies
  6 orc wizards
  2 bullfrog skeletons
  3 iguanas
  11 worker ants
  A killer bee zombie (D:9)
  A hound zombie (D:8)
  3 hound skeletons
  A howler monkey zombie (D:6)
  A worker ant zombie (D:5)
  Robin (D:4)
  7 gnolls
  13 adders
  2 shadow imps
  A white imp (D:8)
  3 ufetubi
  3 oozes (Lair:6)
  2 worms
  2 dart slugs
  2 leopard geckos
  60 orcs
  3 giant cockroaches
  12 goblins
  11 hobgoblins
  10 jackals
  12 kobolds
  2 quokkas
  7 bats
  2 frilled lizards (D:2)
  A giant cockroach zombie (D:5)
  A leopard gecko skeleton (D:4)
  2 quokka skeletons
  10 rats
522 creatures vanquished.

Vanquished Creatures (others)
  2 yaks (Lair:6)
  A water moccasin (Lair:6)
  17 fungi
  28 plants
48 creatures vanquished.

Grand Total: 570 creatures vanquished

Notes
Turn   | Place    | Note
-------+----------+-------------------------------------------
     0 | D:1      | CasualChangeling the Palentonga Fighter began the quest for
                  | the Orb.
     0 | D:1      | Reached XP level 1. HP: 20/20 MP: 1/1
   191 | D:1      | Reached XP level 2. HP: 27/27 MP: 2/2
   954 | D:2      | Reached XP level 3. HP: 13/33 MP: 3/3
  1793 | D:2      | Reached XP level 4. HP: 38/40 MP: 4/4
  2249 | D:3      | Noticed Grinder
  2284 | D:3      | Killed Grinder
  2285 | D:3      | Reached XP level 5. HP: 38/49 MP: 5/5
  2285 | D:3      | Reached XP level 6. HP: 43/55 MP: 6/6
  2456 | D:3      | Found an iron altar of Okawaru.
  2461 | D:3      | Became a worshipper of Warmaster Okawaru
  3488 | D:4      | Noticed Robin
  3507 | D:4      | Killed Robin
  3727 | D:4      | Gained mutation: You curl defensively after being hit.
                  | [Palentonga growth]
  3727 | D:4      | Reached XP level 7. HP: 64/64 MP: 7/7
  3867 | D:5      | Entered Level 5 of the Dungeon
  4013 | D:4      | Reached skill level 5 in Fighting
  4190 | D:4      | Reached * piety under Okawaru
  4598 | D:4      | Reached skill level 5 in Long Blades
  4598 | D:4      | Reached XP level 8. HP: 39/73 MP: 8/8
  5292 | D:6      | Noticed Duvessa
  5293 | D:6      | Noticed Dowan
  5323 | D:6      | Killed Duvessa
  5324 | D:6      | Reached skill level 5 in Armour
  5324 | D:6      | Reached skill level 5 in Shields
  5344 | D:6      | Killed Dowan
  5498 | D:6      | Reached ** piety under Okawaru
  5584 | D:6      | Noticed a hornet
  6054 | D:6      | Paralysed by a hornet for 2 turns
  6063 | D:6      | Killed a hornet
  6064 | D:6      | Reached XP level 9. HP: 69/83 MP: 9/9
  6621 | D:7      | Found a staircase to the Ecumenical Temple.
  6727 | D:7      | Reached *** piety under Okawaru
  6827 | D:7      | Found the +10 tower shield of Ignorance {rN+ Int-4}
  6830 | D:7      | Found a runed translucent door.
  6856 | D:7      | Found a runed translucent door.
  6877 | D:7      | Noticed an orange crystal statue
  6886 | D:7      | Noticed an orange crystal statue
  6886 | D:7      | Noticed an orange crystal statue
  6886 | D:7      | Noticed an orange crystal statue
  7946 | D:8      | Found a staircase to the Lair.
  8305 | D:8      | Reached **** piety under Okawaru
  8729 | D:8      | Found a roughly hewn altar of Beogh.
  9272 | D:9      | Reached XP level 10. HP: 89/94 MP: 10/10
  9575 | D:9      | Found a glowing silver altar of Zin.
  9706 | D:9      | Noticed Pikel
  9717 | D:9      | Killed Pikel
  9717 | D:9      | Reached ***** piety under Okawaru
 10529 | D:10     | Entered Level 10 of the Dungeon
 10767 | D:10     | Received a gift from Okawaru
 11014 | D:10     | Reached XP level 11. HP: 98/103 MP: 11/11
 11339 | Lair:1   | Entered Level 1 of the Lair of Beasts
 11401 | Lair:1   | Noticed a five-headed hydra
 11450 | D:8      | Killed a 12-headed hydra
 11459 | Lair:1   | Reached skill level 1 in Evocations
 12609 | Lair:1   | Got a faintly glowing glaive
 12996 | Lair:2   | Reached ****** piety under Okawaru
 13073 | Lair:2   | Received a gift from Okawaru
 13144 | Lair:2   | Noticed an eight-headed hydra
 13196 | Lair:1   | Killed a 16-headed hydra
 13805 | Lair:1   | Reached skill level 10 in Fighting
 14515 | Lair:3   | Noticed a four-headed hydra
 14566 | Lair:3   | Killed a ten-headed hydra
 14567 | Lair:3   | Reached XP level 12. HP: 61/113 MP: 12/12
 14784 | Lair:3   | Found a staircase to the Snake Pit.
 14791 | Lair:3   | Received a gift from Okawaru
 14902 | Lair:3   | Reached skill level 10 in Long Blades
 15257 | Lair:3   | Found a staircase to the Shoals.
 15847 | Lair:3   | Noticed Fannar
 15869 | Lair:3   | Killed Fannar
 16487 | Lair:4   | Reached skill level 5 in Evocations
 17079 | Lair:5   | Received a gift from Okawaru
 17756 | Lair:5   | Noticed a catoblepas
 17829 | Lair:5   | Killed a catoblepas
 18194 | Lair:6   | Entered Level 6 of the Lair of Beasts
 18197 | Lair:6   | Noticed a catoblepas
 18211 | Lair:6   | Killed a catoblepas
 18391 | Lair:6   | Reached XP level 13. HP: 122/124 MP: 13/13
 18680 | Lair:6   | Found a staircase to the Slime Pits.
 19147 | Lair:6   | Received a gift from Okawaru
 20203 | Snake:1  | Entered Level 1 of the Snake Pit
 20216 | Snake:1  | Received a gift from Okawaru
 20222 | Snake:1  | Got a pair of translucent gloves {god gift}
 20236 | Snake:1  | Identified the +0 pair of gloves "Yhiudi Yrghy" {rN+ Dex+4}
                  | (Okawaru gifted it to you on level 1 of the Snake Pit)
 20468 | Snake:1  | Reached skill level 10 in Armour
 20468 | Snake:1  | Reached skill level 10 in Shields
 21546 | Snake:1  | Reached XP level 14. HP: 36/134 MP: 6/14
 22103 | Snake:1  | Received a gift from Okawaru
 22474 | Snake:1  | Found Ufuypp's Gadget Emporium.
 22475 | Snake:1  | Found Segion's Jewellery Boutique.
 22475 | Snake:1  | Found Utid Ack's Jewellery Boutique.
 24231 | Snake:2  | Received a gift from Okawaru
 24882 | Snake:2  | HP: 5/135 [poisoned by a black mamba]
 24884 | Snake:2  | Slain by a black mamba

Illustrated notes

Levels and vault maps discovered:
D:1:      dpeg_arrival_round_c, layout_basic
D:2:      layout_basic
D:3:      layout_basic, supply_closet_lemuel, serial_park_tiny_pond,
          okawaru_ov_weapons_minmay, uniq_grinder
D:4:      layout_loops_ring, uniq_robin
D:5:      layout_cave_pools, kennysheep_generic_room_9
D:6:      layout_gridville, minivault_19, minmay_manual_mail, uniq_duvessa
D:7:      layout_rooms, minmay_temple_entry_wispy,
          chequers_guarded_unrand_ignorance
D:8:      layout_basic, lair_entry_dummy, special_room [special_room_orc],
          serial_curves, eino_curves_02, eino_curves_03, eino_curves_03,
          minmay_crossroads
D:9:      layout_gridville, zin_statuary, uniq_pikel
D:10:     layout_irregular_city
Lair:1:   layout_hall_layers, grunt_megastairs_5
Lair:2:   layout_long_grid, st_stairs_4, chequers_serial_rivers_large_b
Lair:3:   layout_roguey [special_room_bee], elwin_shoals_entry_stream,
          guppyfry_snake_entry_garden, uniq_fannar
Lair:4:   layout_gridlike
Lair:5:   layout_long_grid, grunt_megastairs_4, serial_bayou_shore_b
Lair:6:   grunt_lair_end_beastmaster, layout_regular_city,
          nicolae_slime_entry_slimehenge, infiniplex_staircase_pool_2
Snake:1:  layout_concentric_octagons, grunt_ministairs_7, minmay_shop_grove
Snake:2:  layout_gridlike, lemuel_fruit_tree

Skill      XL: |  1  2  3  4  5  6  7  8  9 10 11 12 13 14 |
---------------+-------------------------------------------+-----
Shields        | 3 4 5 6 7 8 9 10 | 10.8
Fighting       | 4 5 6 7 9 10 11 12 | 12.6
Long Blades    | 3 4 5 6 7 8 9 10 11 12 | 12.4
Armour         | 3 4 5 6 7 8 9 10 | 10.8
Evocations     | 3 5 7 8 |  8.5

Action                   |  1- 3 |  4- 6 |  7- 9 | 10-12 | 13-15 || total
-------------------------+-------+-------+-------+-------+-------++-------
Melee: Long sword        |   107 |   183 |   197 |       |       ||   487
       Tailslap          |    12 |    17 |    72 |   105 |    90 ||   296
       Scimitar          |       |       |   301 |   795 |   601 ||  1697
Invok: Heroism           |       |       |     1 |     6 |     8 ||    15
       Finesse           |       |       |       |     2 |     4 ||     6
 Abil: Rolling Charge    |    17 |    31 |    29 |    48 |    16 ||   141
  Use: Scroll            |     4 |     5 |     8 |    12 |     7 ||    36
       Potion            |       |     3 |     3 |     3 |     6 ||    15
 Stab: Petrified         |       |       |       |     4 |       ||     4
Armor: Scale mail        |    38 |     2 |   105 |   304 |       ||   449
       Plate armour      |       |   107 |   135 |       |       ||   242
       Ring mail         |       |       |       |       |   257 ||   257
Dodge: Dodged            |    20 |    10 |   111 |    64 |    58 ||   263
Block: Kite shield       |    56 |    94 |   298 |       |       ||   448
       Tower shield      |       |       |    55 |  1143 |   854 ||  2052
       Rpst.: Long sword |     8 |     5 |     3 |       |       ||    16
       Scimitar          |       |       |    22 |    16 |    11 ||    49

Table legend: (Time is in decaauts)
 A = Elapsed time spent in this place.
 B = Non-inter-level travel time spent in this place.
 C = Inter-level travel time spent in this place.
 D = Time resting spent in this place.
 E = Time spent auto-exploring this place.
 F = Levels seen in this place.
 G = Mean time per level.
                   A        B        C        D        E       F      G
               +--------+--------+--------+--------+--------+-----+--------+
         Total |  24986 |  24125 |    861 |   7669 |  10372 |  18 | 1388.1 |
       Dungeon |  11530 |  11028 |    502 |   2353 |   5719 |  10 | 1153.0 |
          Lair |   8852 |   8573 |    279 |   3027 |   3786 |   6 | 1475.3 |
     Snake Pit |   4602 |   4523 |     79 |   2289 |    866 |   2 | 2301.0 |
               +--------+--------+--------+--------+--------+-----+--------+

Top non-repeatable levels by time:
 Snake:1: 2799 daAuts
  Lair:6: 1926 daAuts
  Lair:1: 1869 daAuts
  Lair:3: 1865 daAuts
 Snake:2: 1803 daAuts
     D:4: 1610 daAuts
     D:8: 1582 daAuts
     D:9: 1445 daAuts
  Lair:5: 1276 daAuts
     D:6: 1253 daAuts
     D:2: 1069 daAuts
     D:5: 1014 daAuts
  Lair:4: 980 daAuts
     D:3: 944 daAuts
     D:1: 934 daAuts
